Map: Acid Plant LE

Players

blitzkrieg

  • Race: Protoss Protoss
  • League: Diamond
  • Spawn Location: 11:00

Cheater 1 (Vision) - Winner!

  • Race: Terran Terran
  • Spawn Location: 5:00

VOD

Have the link to the VOD?

Description

Time

  • Played on: June 6, 2018, 3 p.m.
  • Length: 2:40
Show
View Real Time Build Order
Export as new Build Order

blitzkrieg Protoss 

Build Orders: 1 Gate Expand 

Get SALT Encoding   

  12  0:01  Probe  
  13  0:14  Probe  
  14  0:19  Pylon  
  14  0:25  Probe  
  15  0:33  Probe  
  15  0:40  Gateway  
  15  0:41  Probe  
  17  0:50  Assimilator  
  17  0:52  Probe  
  18  1:04  Probe  
  19  1:24  Nexus  
  19  1:27  Probe  
  20  1:39  Cybernetics Core  
  20  1:43  Probe  
  21  1:50  Assimilator  
  21  1:55  Probe  
  22  2:01  Pylon  
  22  2:09  Stalker  
Show
View Real Time Build Order
Export as new Build Order

Cheater 1 (Vision) Terran - Winner!

Build Orders:  

Get SALT Encoding   

  12  0:00  SCV  
  13  0:13  SCV  
  14  0:19  Supply Depot  
  14  0:25  SCV  
  15  0:29  Refinery  
  15  0:40  SCV  
  16  0:47  Barracks  
  16  0:53  SCV  
  17  1:05  SCV  
  17  1:09  Supply Depot  
  18  1:17  SCV  
  19  1:29  SCV  
  20  1:36  Factory  
  20  1:37  Marine  
  21  1:42  Barracks  
  21  1:43  SCV  
  22  1:54  Marine  
  22  1:55  SCV  
  22  2:01  Supply Depot  
  24  2:07  SCV  
  25  2:12  Marine  
  26  2:19  SCV  
  26  2:20  Factory Tech Lab  
Tags
 
Add a new tag
Caveats
  • Supply blocks, unpowered buildings, or Contaminate may cause inaccurate times.
  • Supply counts are checked every 10 seconds.